 Dungeon Crawl Stone Soup version 0.25-a0-566-g062765be81 (webtiles) character file.

Game seed: 12412731739503566484, levelgen mode: deterministic

8038 drasked the Severer (level 11, -1/104 HPs)
             Began as a Hill Orc Monk on Feb 29, 2020.
             Was an Elder of Beogh.
             Slain by a skeletal warrior
             ... wielding a +1 flail of protection
             ... led by a skeletal warrior
              (19 damage)
             ... on level 10 of the Dungeon.
             The game lasted 00:40:25 (13487 turns).

drasked the Severer (Hill Orc Monk)                Turns: 13487, Time: 00:40:26

Health: -1/104     AC: 13    Str: 15    XL:     11   Next: 24%
Magic:  0/11       EV:  4    Int: 16    God:    Beogh [****..]
Gold:   513        SH:  0    Dex: 13    Spells: 10/10 levels left

rFire    + . .     SeeInvis .   g - +3 hand axe (drain)
rCold    . . .     Gourm    .   (no shield)
rNeg     . . .     Faith    .   d - +0 plate armour
rPois    .         Spirit   +   v - +0 helmet
rElec    .         Reflect  .   o - scarf {Spirit}
rCorr    .         Harm     .   (no gloves)
MR       .....     Clarity  +   f - +1 pair of boots
Stlth    ..........             G - amulet of guardian spirit {SpiritSpirit}
HPRegen  0.27/turn              F - ring of protection from fire {rF+, !d}
MPRegen  0.12/turn              I - +3 ring of intelligence

@: no status effects
A: clarity, subdued magic 1
a: Smiting, Recall Orcish Followers, Renounce Religion


You were on level 10 of the Dungeon.
You worshipped Beogh.
Beogh was greatly pleased with you.
You were not hungry.

You visited 1 branch of the dungeon, and saw 10 of its levels.

You collected 513 gold pieces.

Inventory:

Hand Weapons
 g - a +3 hand axe of draining (weapon)
   (You found it on level 4 of the Dungeon)
 n - a +1 trident of flaming
   (You took it off an orc on level 4 of the Dungeon)
 t - the +8 dagger of Light {holy, Str+5}
   (You found it on level 9 of the Dungeon)

   It has been blessed by the Shining One to cause great damage to the undead
   and demons.
   It affects your strength (+5).
 L - the +7 falchion "Quzed" {holy, rC+}
   (You found it on level 9 of the Dungeon)

   It has been blessed by the Shining One to cause great damage to the undead
   and demons.
   It protects you from cold.
Armour
 d - a +0 plate armour (worn)
   (You found it on level 4 of the Dungeon)
 f - a +1 pair of boots (worn)
   (You found it on level 1 of the Dungeon)
 o - a scarf of spirit shield (worn)
   (You found it on level 3 of the Dungeon)
 v - a +0 helmet (worn)
   (You found it on level 5 of the Dungeon)
Jewellery
 l - an uncursed amulet of faith {unknown}
   (You found it on level 10 of the Dungeon)
 C - an uncursed ring of resist corrosion
   (You found it on level 2 of the Dungeon)
 E - a +2 amulet of reflection
   (You found it on level 7 of the Dungeon)
 F - a ring of protection from fire (left hand) {rF+, !d}
   (You found it on level 5 of the Dungeon)
 G - an amulet of guardian spirit (around neck) {SpiritSpirit}
   (You found it on level 2 of the Dungeon)
 I - a +3 ring of intelligence (right hand)
   (You found it on level 8 of the Dungeon)
 M - an uncursed ring of protection from fire {rF+, !d}
   (You found it on level 9 of the Dungeon)
 R - an uncursed amulet of regeneration {+regen, !d}
   (You found it on level 10 of the Dungeon)
Wands
 r - a wand of iceblast (9)
   (You took it off an orc on level 3 of the Dungeon)
 z - a wand of flame (10)
   (You found it on level 8 of the Dungeon)
 A - a wand of scattershot (6)
   (You found it on level 7 of the Dungeon)
 H - a wand of enslavement (7)
   (You found it on level 5 of the Dungeon)
 J - a wand of polymorph (11)
   (You found it on level 9 of the Dungeon)
Scrolls
 h - 4 scrolls of enchant armour
 i - 5 scrolls of identify
 j - 6 scrolls of enchant weapon
 p - 3 scrolls of fog {unknown}
 u - 5 scrolls of teleportation {unknown}
 w - 4 scrolls of remove curse
 x - a scroll of immolation {!r!r}
 y - a scroll of fear {unknown}
 K - a scroll of acquirement {unknown}
 N - a scroll of blinking {unknown}
Potions
 a - a potion of curing {unknown}
 c - 2 potions of flight
 k - 3 potions of brilliance
 m - 2 potions of lignification {!q!q}
 q - a potion of stabbing
 s - a potion of mutation {!q!q}
 D - a potion of magic
Comestibles
 e - 24 rations


   Skills:
 + Level 12.0 Fighting
 * Level 17.1 Axes
 + Level 1.1 Armour
 - Level 2.4 Dodging
 - Level 2.0 Stealth


You had 10 spell levels left.
You didn't know any spells.
Your spell library contained the following spells:

 Spells                   Type           Power        Failure   Level  Hunger
 Corona                   Hex            #......      100%        1    ##.....
 Ensorcelled Hibernation  Hex/Ice        #.....       100%        2    ###....
 Poisonous Vapours        Pois/Air       #.....       100%        2    ###....
 Confusing Touch          Hex            #.......     100%        3    ####...
 Conjure Flame            Conj/Fire      #.......     100%        3    ####...
 Dazzling Flash           Conj/Hex       #.....       100%        3    ####...
 Gell's Gravitas          Tloc           #.........   100%        3    ####...
 Mephitic Cloud           Conj/Pois/Air  #.......     100%        3    ####...
 Tukima's Dance           Hex            #.......     100%        3    ####...
 Petrify                  Tmut/Erth      #.......     100%        4    #####..
 Metabolic Englaciation   Hex/Ice        #.........   100%        5    ######.
 Yara's Violent Unravell  Hex/Tmut       #.........   100%        5    ######.
 Freezing Cloud           Conj/Ice/Air   #.........   100%        6    #######
 Ring of Flames           Chrm/Fire      #.........   100%        7    #######


Dungeon Overview and Level Annotations

Branches:
Dungeon (10/15)            Temple (0/1) D:4            Lair (0/6) D:10
    Orc: D:9-12

Altars:
Kikubaaqudgha
Makhleb
Okawaru
Qazlal
Ru
Zin

Shops:
D:8 [

Annotations:
D:6 1 runed translucent door, Cerrion's ghost, novice TrFi
D:8 1 runed translucent door, KennyOmg's ghost, novice MiBe
D:9 1 runed translucent door, Flugslaktarn's ghost, novice DDFi


Innate Abilities, Weirdness & Mutations

You possess an exceptional clarity of mind.
Your spells are a little easier to cast, but a little less powerful.


Message History

The skeletal warrior hits you with a +0 long sword.
Your plate armour prevents you from hitting the skeletal warrior.
You barely miss the skeletal warrior.
The skeletal warrior hits you with a +0 long sword.
You barely miss the skeletal warrior.
You hit the skeletal warrior but do no damage.
The skeletal warrior hits you with a +0 long sword.
You hit the skeletal warrior but do no damage.
You hit the skeletal warrior.
Margrim invokes the aid of Beogh against the skeletal warrior.
The skeletal warrior is smitten.
The skeletal warrior hits you with a +0 long sword!
Your plate armour prevents you from hitting the skeletal warrior.
You hit the skeletal warrior but do no damage.
The skeletal warrior barely misses you.
You hit the skeletal warrior but do no damage.
You hit the skeletal warrior.
The skeletal warrior hits you with a +0 long sword!!
You hit the skeletal warrior but do no damage.
You hit the skeletal warrior but do no damage.
The skeletal warrior hits you with a +0 long sword!
* * * LOW HITPOINT WARNING * * *
You hit the skeletal warrior but do no damage.
You hit the skeletal warrior but do no damage.
The skeletal warrior hits you with a +0 long sword!
* * * LOW MAGIC WARNING * * *;
* * * LOW HITPOINT WARNING * * *
You hit the skeletal warrior but do no damage.
You closely miss the skeletal warrior.
The skeletal warrior hits you with a +0 long sword!
* * * LOW MAGIC WARNING * * *;
* * * LOW HITPOINT WARNING * * *
You hit the skeletal warrior. You hit the skeletal warrior.
The skeletal warrior hits you with a +0 long sword!
* * * LOW MAGIC WARNING * * *;
* * * LOW HITPOINT WARNING * * *
Margrim calls down the wrath of Beogh upon the skeletal warrior.
The skeletal warrior is smitten.
The skeletal warrior hits your orc with a +0 long sword.
The skeletal warrior hits your orc with a +0 long sword!!
Your orc dies!
Margrim closely misses the skeletal warrior.
The skeletal warrior hits Margrim with a +0 long sword!
Margrim dies!
There is a staircase to the Lair here.
All of the chunks of flesh in your inventory have rotted away.
You see here 13 stones.
There is a stone staircase leading up, spattered with blood here.
You climb upwards.
Level annotation: 1 runed translucent door, Flugslaktarn's ghost, novice DDFi
There is a stone staircase leading down, spattered with blood here.
You start resting.
You start resting.
There is an open door here.
There is an open door here.
There is an open door here.
There is a stone staircase leading down here.
You climb downwards.
There is a stone staircase leading up here.
Items here: )))))) [[[ ÷÷
Found a stone staircase leading up.
Items here: )))))) [[[ ÷÷ A skeletal warrior comes into view.
It is wielding a +0 trident.
You see here a +0 long sword.
The skeletal warrior hits you with a +0 trident.
You completely miss the skeletal warrior.
The skeletal warrior hits you with a +0 trident.
You closely miss the skeletal warrior. You slash the skeletal warrior!
The skeletal warrior hits you with a +0 trident!
You hit the skeletal warrior but do no damage.
Your plate armour prevents you from hitting the skeletal warrior.
The skeletal warrior hits you but does no damage.
You hit the skeletal warrior.
You hit the skeletal warrior but do no damage.
The skeletal warrior hits you with a +0 trident!
You hit the skeletal warrior.
The skeletal warrior hits you with a +0 trident!!
* * * LOW HITPOINT WARNING * * *
You hit the skeletal warrior but do no damage.
You hit the skeletal warrior.
A skeletal warrior comes into view. It is wielding a +0 halberd.
The skeletal warrior hits you with a +0 trident!
* * * LOW HITPOINT WARNING * * *
Your plate armour prevents you from hitting the skeletal warrior.
You barely miss the skeletal warrior. You hit the skeletal warrior.
The skeletal warrior hits you with a +0 trident!
* * * LOW MAGIC WARNING * * *;
* * * LOW HITPOINT WARNING * * *
You hit the skeletal warrior but do no damage.
You hit the skeletal warrior.
The skeletal warrior hits you with a +1 flail of protection.
* * * LOW HITPOINT WARNING * * *
Your plate armour prevents you from hitting the skeletal warrior.
You hit the skeletal warrior but do no damage.
The skeletal warrior hits you but does no damage.
You closely miss the skeletal warrior.
You hit the skeletal warrior but do no damage.
The skeletal warrior hits you from afar with a +0 halberd!
* * * LOW MAGIC WARNING * * *;
* * * LOW HITPOINT WARNING * * *
The skeletal warrior hits you with a +1 flail of protection!!
* * * LOW MAGIC WARNING * * *
You die...

#..# #.# #..# #.# ...#
#.# #.## ###.# #.#
#.#.# #.########.#.###
..z............#
#.####.#>#.#.##########
#............[)z@zz...#
######.###.#.#######.##
# #.# #.#.# # #.# #.#.#
# #.# #.#.# ### #.#
#.#.##### ..####.#
#.#....<# .......#
#.#.##### ######.# #.#


You could see 3 skeletal warriors.

Levels and vault maps discovered:
D:1:      dpeg_arrival_lava_temple_mockup, layout_basic
D:2:      layout_loops_corners, lemuel_round_altar
D:3:      layout_basic, okawaru_ov_weapons_minmay, minmay_curled_crystal,
          nrook_mini_backslash, minmay_parallelograms
D:4:      layout_basic, minmay_temple_entry_glass, tgw_kikubaaqudgha
D:5:      layout_basic, first_ration
D:6:      layout_loops_ring, grunt_temple_overflow_order_and_chaos_2,
          ebering_ghost_sewer_d, grunt_ministairs_10, minmay_fountain_box
D:7:      layout_rooms, hangedman_abyss_or_decor_lesser_grid, the_bakery,
          st_stairs_2, hangedman_decor_points, minmay_liquid_box,
          minmay_stone_trees_medium, makhleb_altar_promises_db, uniq_pikel
D:8:      layout_cave_pools, serial_shops, shop, ebering_ghost_inner_flame
D:9:      layout_roguey, lemuel_coloured_pillars_altar,
          ebering_ghost_funeral_grove
D:10:     layout_basic, lair_entry_dummy, minivault_29, uniq_harold

Notes
Turn   | Place    | Note
-------+----------+-------------------------------------------
     0 | D:1      | drasked the Hill Orc Monk began the quest for the Orb.
     0 | D:1      | Reached XP level 1. HP: 19/19 MP: 1/1
   332 | D:1      | Identified a +0 dagger
   339 | D:1      | Reached XP level 2. HP: 23/27 MP: 2/2
   577 | D:1      | Identified a +0 pair of boots (You found it on level 1 of
                  | the Dungeon)
   602 | D:1      | Reached skill level 4 in Fighting
   630 | D:1      | Identified a +0 ring mail (You found it on level 1 of the
                  | Dungeon)
   652 | D:1      | Identified a +0 dagger
   662 | D:1      | Reached skill level 2 in Stealth
   788 | D:1      | Identified a +0 club
   797 | D:1      | Reached XP level 3. HP: 29/33 MP: 3/3
  1030 | D:2      | Reached skill level 5 in Axes
  1247 | D:2      | Found a sacrificial altar of Ru.
  1286 | D:2      | Reached XP level 4. HP: 41/41 MP: 4/4
  1880 | D:2      | Identified a +0 whip
  2011 | D:2      | Identified a +0 dagger
  2011 | D:2      | Identified a +0 hunting sling
  2347 | D:3      | Identified a scarf of spirit shield (You found it on level
                  | 3 of the Dungeon)
  2430 | D:3      | Identified a +0 hand axe
  2430 | D:3      | Identified a +0 hand axe
  2430 | D:3      | Identified a +0 leather armour
  2430 | D:3      | Identified a +0 flail
  2430 | D:3      | Identified a +0 leather armour
  2434 | D:3      | Identified a cursed -1 trident
  2434 | D:3      | Identified a +0 leather armour
  2461 | D:3      | Reached skill level 6 in Axes
  2522 | D:3      | Identified a +0 whip
  2528 | D:3      | Identified a +0 trident
  2533 | D:3      | Identified a +0 club
  2723 | D:3      | Identified a +0 hand axe
  2723 | D:3      | Identified a +0 halberd
  2724 | D:3      | Identified a +0 spear
  2738 | D:3      | Identified a +0 flail
  2755 | D:2      | HP: 10/41 [gnoll/+0 flail (4)]
  3189 | D:3      | Reached XP level 5. HP: 47/47 MP: 5/5
  3208 | D:3      | Identified a +0 club
  3221 | D:3      | Identified a +0 dagger
  3550 | D:3      | Identified a +0 falchion
  3552 | D:3      | Identified a +0 club
  3556 | D:3      | Identified a +0 dagger
  3556 | D:3      | Identified a +0 leather armour
  3609 | D:3      | Identified a +0 mace
  3815 | D:3      | Identified a +2 whip of electrocution
  3944 | D:3      | Identified a +0 short sword
  3944 | D:3      | Identified a +0 ring mail
  3952 | D:3      | Reached skill level 5 in Fighting
  4050 | D:3      | Reached skill level 7 in Axes
  4164 | D:3      | Identified a +0 dagger
  4354 | D:3      | Found an iron altar of Okawaru.
  4648 | D:3      | Reached XP level 6. HP: 51/56 MP: 4/6
  4991 | D:3      | Identified an amulet of guardian spirit (You found it on
                  | level 2 of the Dungeon)
  4992 | D:3      | Identified a ring of resist corrosion (You found it on
                  | level 2 of the Dungeon)
  4993 | D:3      | Identified 4 scrolls of enchant armour
  5152 | D:4      | Identified a +0 plate armour (You found it on level 4 of
                  | the Dungeon)
  5204 | D:4      | Found an ancient bone altar of Kikubaaqudgha.
  5205 | D:4      | Noticed a human
  5207 | D:4      | Killed a human
  5211 | D:4      | Identified a +0 dagger
  5211 | D:4      | Identified a +0 war axe
  5211 | D:4      | Identified a +1 trident of flaming
  5211 | D:4      | Identified a +0 leather armour
  5212 | D:4      | Identified a +0 trident
  5212 | D:4      | Identified a +0 scale mail
  5286 | D:4      | Identified a +0 short sword
  5287 | D:4      | Became a worshipper of Beogh the Brigand
  5287 | D:4      | Reached * piety under Beogh
  5287 | D:4      | Reached ** piety under Beogh
  5287 | D:4      | Identified a +0 club
  5287 | D:4      | Identified a +0 ring mail
  5288 | D:4      | Identified a +0 trident
  5289 | D:4      | Identified a +0 club
  5403 | D:4      | Found a staircase to the Ecumenical Temple.
  5412 | D:4      | Identified a +2 hand axe of draining (You found it on level
                  | 4 of the Dungeon)
  5636 | D:4      | Identified a +0 dagger
  5636 | D:4      | Identified a +0 leather armour
  5924 | D:4      | Identified a cursed +0 short sword
  5927 | D:4      | Identified a +0 mace
  5933 | D:4      | Identified a +0 short sword
  5935 | D:4      | Identified a +2 dagger of draining
  5935 | D:4      | Identified a +0 robe
  5944 | D:4      | Reached skill level 8 in Axes
  6143 | D:4      | Reached XP level 7. HP: 62/62 MP: 7/7
  6308 | D:5      | Entered Level 5 of the Dungeon
  6363 | D:5      | Identified a +0 dagger
  6363 | D:5      | Identified a +0 ring mail
  6391 | D:5      | Identified a +0 helmet (You found it on level 5 of the
                  | Dungeon)
  6414 | D:5      | Identified a +0 flail
  6414 | D:5      | Identified a +0 spear
  6428 | D:5      | Reached skill level 6 in Fighting
  6476 | D:5      | Identified a +0 ring mail
  6526 | D:5      | Identified a +0 flail
  6526 | D:5      | Identified a +0 leather armour
  6526 | D:5      | Identified a +0 dagger
  6526 | D:5      | Identified a +0 robe
  6526 | D:5      | Identified a cursed -3 mace
  6541 | D:5      | Reached skill level 9 in Axes
  6715 | D:5      | Identified a +0 whip
  6715 | D:5      | Identified a +0 whip
  6715 | D:5      | Identified a +0 leather armour
  6715 | D:5      | Identified a +0 dagger
  6715 | D:5      | Identified a +0 scale mail
  6715 | D:5      | Identified a +0 mace
  6715 | D:5      | Identified a +0 leather armour
  6721 | D:5      | Identified a +0 hand axe
  6993 | D:5      | Identified a +0 whip
  7054 | D:5      | Identified a ring of protection from fire (You found it on
                  | level 5 of the Dungeon)
  7056 | D:6      | Identified a +0 spear
  7056 | D:6      | Identified a +0 flail
  7056 | D:6      | Identified a +0 club
  7171 | D:6      | Identified a +0 mace
  7325 | D:6      | Identified a +0 mace
  7327 | D:6      | Identified a +0 dagger
  7327 | D:6      | Identified a +0 robe
  7343 | D:6      | Reached *** piety under Beogh
  7346 | D:6      | Identified a +0 battleaxe
  7346 | D:6      | Identified a +0 chain mail
  7348 | D:6      | Identified a +0 club
  7363 | D:6      | Reached skill level 10 in Axes
  7444 | D:6      | You fall into a shaft and drop 3 floors!
  7481 | D:8      | Found Comuur's Armour Emporium.
  7492 | D:8      | Reached XP level 8. HP: 70/71 MP: 8/8
  7522 | D:8      | Reached skill level 7 in Fighting
  7523 | D:8      | Identified a +0 glaive
  7523 | D:8      | Identified a +0 chain mail
  7527 | D:8      | Identified a +0 hand axe
  7527 | D:8      | Identified a cursed +0 ring mail
  7530 | D:8      | Identified a +0 leather armour
  7543 | D:8      | Noticed a hippogriff
  7547 | D:8      | Reached skill level 11 in Axes
  7553 | D:8      | Killed a hippogriff
  7591 | D:8      | Reached skill level 8 in Fighting
  7849 | D:7      | Identified a +0 morningstar
  7849 | D:7      | Identified a +0 leather armour
  7853 | D:7      | Identified a +0 dagger
  7854 | D:7      | Identified a +0 flail
  7854 | D:7      | Identified a +0 ring mail
  7856 | D:7      | Identified a +0 flail
  7856 | D:7      | Identified a +0 flail
  7856 | D:7      | Identified a +0 chain mail
  7856 | D:7      | Identified a +0 dagger
  7856 | D:7      | Identified a +0 robe
  7859 | D:7      | Reached skill level 12 in Axes
  7860 | D:7      | Reached XP level 9. HP: 67/82 MP: 7/9
  7865 | D:7      | Identified a +0 dagger
  7865 | D:7      | Identified a +0 robe
  7867 | D:7      | Identified a +4 shortbow
  8030 | D:7      | Identified a +0 mace
  8030 | D:7      | Identified a +0 robe
  8051 | D:6      | Reached skill level 9 in Fighting
  8054 | D:6      | Reached skill level 13 in Axes
  8059 | D:6      | Reached **** piety under Beogh
  8425 | D:6      | Found a burning altar of Makhleb.
  8429 | D:6      | Noticed a blizzard demon
  8430 | D:6      | Found a glowing silver altar of Zin.
  8430 | D:6      | Identified a +2 whip of holy wrath
  8430 | D:6      | Identified a +0 robe
  8430 | D:6      | Noticed an angel
  8457 | D:6      | Identified a +0 giant club
  8680 | D:6      | Identified a +0 dagger
  8680 | D:6      | Identified a +0 robe
  8680 | D:6      | Identified a +0 flail
  8680 | D:6      | Identified a +0 ring mail
  8680 | D:6      | Identified a +0 whip
  8689 | D:6      | Found a runed translucent door.
  8692 | D:6      | Noticed Cerrion's ghost (novice TrFi)
  8853 | D:7      | Identified a +0 whip of flaming
  8853 | D:7      | Identified a +0 robe
  8853 | D:7      | Noticed Pikel
  8883 | D:7      | Killed Pikel
  8883 | D:7      | Reached skill level 14 in Axes
  9034 | D:7      | Identified a +0 dagger
  9034 | D:7      | Identified a +0 robe
  9034 | D:7      | Identified a +0 dagger
  9034 | D:7      | Identified a +0 robe
  9034 | D:7      | Identified a +0 hand axe
  9034 | D:7      | Identified a cursed +0 chain mail
  9036 | D:7      | Identified a +0 falchion
  9036 | D:7      | Identified a +0 leather armour
  9040 | D:7      | Reached skill level 10 in Fighting
  9309 | D:7      | Found a burning altar of Makhleb.
  9309 | D:7      | Noticed an Executioner
  9427 | D:8      | Reached XP level 10. HP: 93/93 MP: 10/10
  9466 | D:8      | Found a runed translucent door.
  9468 | D:8      | Noticed KennyOmg's ghost (novice MiBe)
  9468 | D:8      | Identified a cursed +0 hand axe
  9468 | D:8      | Identified a +0 robe
  9486 | D:8      | Identified a +0 flail
  9488 | D:8      | Identified a +0 dagger
  9488 | D:8      | Identified a cursed +0 robe
  9489 | D:8      | Identified a +0 hand axe
  9579 | D:8      | Identified a +0 giant club
 10093 | D:8      | Identified 7 scrolls of identify
 10093 | D:8      | Identified an amulet of reflection (You found it on level 7
                  | of the Dungeon)
 10095 | D:8      | Identified a ring of attention (You found it on level 6 of
                  | the Dungeon)
 10097 | D:8      | Identified a ring of intelligence (You found it on level 8
                  | of the Dungeon)
 10098 | D:8      | Identified 6 scrolls of enchant weapon
 10100 | D:8      | Identified 5 scrolls of remove curse
 10120 | D:9      | Got a polished dagger
 10391 | D:9      | Found a runed translucent door.
 10392 | D:9      | Identified the +3 spear of Oozing Pus {vorpal, rPois Dex+3
                  | SInv}
 10392 | D:9      | Identified a +0 trident
 10392 | D:9      | Noticed Flugslaktarn's ghost (novice DDFi)
 10412 | D:9      | Got an ivory falchion
 10431 | D:9      | Identified the +7 falchion "Quzed" {holy, rC+} (You found
                  | it on level 9 of the Dungeon)
 10432 | D:9      | Identified the +8 dagger of Light {holy, Str+5} (You found
                  | it on level 9 of the Dungeon)
 10447 | D:9      | Reached skill level 15 in Axes
 10509 | D:9      | Found a stormy altar of Qazlal.
 10580 | D:9      | Identified a +0 giant club
 10639 | D:9      | Identified a +0 club
 10639 | D:9      | Identified a +0 ring mail
 10640 | D:9      | Identified a +0 dagger
 10640 | D:9      | Identified a +0 robe
 10868 | D:10     | Entered Level 10 of the Dungeon
 11022 | D:10     | Identified a cursed -3 giant club
 11037 | D:10     | Identified a +0 shortbow
 11440 | D:10     | Identified 4 potions of brilliance
 11441 | D:10     | Identified 3 potions of flight
 11448 | D:10     | Identified 3 potions of lignification
 11449 | D:10     | Identified 2 potions of stabbing
 11449 | D:10     | HP: 34/141 [soldier ant (2)]
 11450 | D:10     | Identified 2 potions of mutation
 11450 | D:10     | Gained mutation: Your spells are a little easier to cast,
                  | but a little less powerful. [potion of mutation]
 11450 | D:10     | Gained mutation: You possess an exceptional clarity of
                  | mind. [potion of mutation]
 11454 | D:10     | HP: 28/141 [poisoned by a soldier ant]
 11459 | D:10     | Reached skill level 11 in Fighting
 11459 | D:10     | HP: 24/142 [poisoned by a soldier ant]
 11460 | D:10     | Identified 2 potions of magic
 11461 | D:10     | Identified a potion of degeneration
 11462 | D:10     | Identified a potion of might
 11483 | D:10     | Gained Borgun as an ally
 11483 | D:10     | HP: 35/142 [poisoned by a soldier ant]
 11487 | D:10     | Reached skill level 16 in Axes
 11488 | D:10     | Noticed a queen ant
 11490 | D:10     | HP: 35/144 [poisoned by a soldier ant]
 11496 | D:10     | HP: 36/144 [poisoned by a soldier ant]
 11502 | D:10     | HP: 36/144 [poisoned by a soldier ant]
 11505 | D:10     | Your ally Borgun died
 11507 | D:10     | HP: 36/144 [worker ant (1)]
 11806 | D:9      | Identified an amulet of regeneration (You found it on level
                  | 10 of the Dungeon)
 11827 | D:10     | Killed a queen ant
 11827 | D:10     | Reached XP level 11. HP: 67/103 MP: 7/11
 12118 | D:10     | Gained Margrim as an ally
 12331 | D:10     | Found a staircase to the Lair.
 12333 | D:10     | Identified a +0 long sword
 12333 | D:10     | Noticed a skeletal warrior
 12337 | D:10     | Identified a +1 flail of protection
 12337 | D:10     | Noticed a skeletal warrior
 12337 | D:10     | Identified a +0 long sword
 12337 | D:10     | Noticed a skeletal warrior
 12377 | D:10     | Killed a skeletal warrior
 12790 | D:10     | Reached skill level 17 in Axes
 12809 | D:10     | Identified a +0 giant club
 12809 | D:10     | Identified a +0 giant club
 12809 | D:10     | Noticed a two-headed ogre
 12817 | D:10     | Killed a two-headed ogre
 12817 | D:10     | Reached skill level 12 in Fighting
 12817 | D:10     | Reached skill level 1 in Armour
 13051 | D:10     | HP: 17/104 [skeletal warrior/+0 long sword[a skeletal
                  | warrior] (13)]
 13055 | D:10     | Your ally Margrim died
 13468 | D:10     | Identified a +0 trident
 13468 | D:10     | Noticed a skeletal warrior
 13482 | D:10     | Identified a +0 halberd
 13482 | D:10     | Noticed a skeletal warrior
 13487 | D:10     | HP: 18/104 [skeletal warrior/+0 halberd[a skeletal warrior]
                  | (15)]
 13487 | D:10     | Slain by a skeletal warrior

Table legend:
 A = Turns spent in this place as a percentage of turns spent in the entire game.
 B = Non-inter-level travel turns spent in this place as a percentage of non-inter-level travel turns spent in the entire game.
 C = Inter-level travel turns spent in this place as a percentage of turns spent in this place.
 D = Turns resting spent in this place as a percentage of non-inter-level travel turns spent in this place.
 E = Turns spent auto-exploring this place as a percentage of non-inter-level travel turns spent in this place.
 F = Non-inter-level travel turns spent in this place divided by the number of levels of this place that you've seen.
                   A       B       C       D       E      F
               +-------+-------+-------+-------+-------+----------------------
         Total | 100.0 | 100.0 |   3.5 |  34.5 |  41.9 | 1301.4
       Dungeon | 100.0 | 100.0 |   3.5 |  34.5 |  41.9 | 1301.4
               +-------+-------+-------+-------+-------+----------------------

Table legend:
 A = Kills in this place as a percentage of kills in entire the game.
 B = Kills by you in this place as a percentage of kills by you in the entire game.
 C = Kills by friends in this place as a percentage of kills by friends in the entire game.
 D = Other kills in this place as a percentage of other kills in the entire game.
 E = Experience gained in this place as a percentage of experience gained in the entire game.
 F = Experience gained in this place divided by the number of levels of this place that you have seen.
                   A       B       C       D       E      F
               +-------+-------+-------+-------+-------+----------------------
         Total | 100.0 | 100.0 | 100.0 |   N/A | 100.0 | 1148.3
       Dungeon | 100.0 | 100.0 | 100.0 |   N/A | 100.0 | 1148.3
               +-------+-------+-------+-------+-------+----------------------

Skill      XL: |  1  2  3  4  5  6  7  8  9 10 11 |
---------------+----------------------------------+-----
Fighting       | 4 5 6 8 10 11 12 | 12.0
Stealth        | 2 |  2.0
Axes           | 5 6 7 8 10 12 14 16 17 | 17.1
Armour         | 1 |  1.1
Dodging        | |  2.4

Action                   |  1- 3 |  4- 6 |  7- 9 | 10-12 || total
-------------------------+-------+-------+-------+-------++-------
Melee: Hand axe          |    82 |   293 |   279 |   310 ||   964
Throw: Stone             |    77 |   197 |    45 |       ||   319
Invok: Convert to Beogh  |       |     1 |       |       ||     1
       Recall Orcish Fol |       |       |     1 |     4 ||     5
       Stop Recall       |       |       |     1 |     3 ||     4
  Use: Scroll            |       |     1 |       |     6 ||     7
       Potion            |       |       |       |    10 ||    10
 Stab: Sleeping          |       |     1 |       |       ||     1
       Distracted        |       |       |     2 |     3 ||     5
  Eat: Chunk             |     1 |    15 |    10 |     7 ||    33
       Ration            |       |       |       |     2 ||     2
Armor: Robe              |     9 |       |       |       ||     9
       Ring mail         |    14 |    56 |       |       ||    70
       Plate armour      |       |    56 |   168 |   114 ||   338
       Skin              |       |       |       |    24 ||    24
Dodge: Dodged            |    42 |   157 |    42 |    39 ||   280

Vanquished Creatures
  A skeletal warrior (D:10)
  A hippogriff (D:8)
  A yak (D:6)
  13 soldier ants (D:10)
  2 water moccasins
  An orc warrior (D:8)
  2 sky beasts (D:9)
  2 slaves (D:7)
  A black bear (D:6)
  An ogre (D:6)
  A centaur (D:7)
  2 bullfrogs (D:8)
  A water moccasin zombie (D:8)
  2 scorpions
  10 killer bees (D:8)
  2 howler monkeys (D:7)
  3 orc priests
  A centaur zombie (D:6)
  A jelly (D:9)
  A hound (D:6)
  A centaur skeleton (D:4)
  4 orc wizards
  19 worker ants
  2 iguanas (D:4)
  10 gnolls
  13 adders
  3 shadow imps
  2 dart slugs
  2 worms
  5 leopard geckos
  37 orcs
  6 bats
  5 giant cockroaches
  9 goblins
  6 hobgoblins
  7 jackals
  7 quokkas
  5 frilled lizards
  6 kobolds
  4 rats
202 creatures vanquished.

Vanquished Creatures (collateral kills)
  A queen ant (D:10)
  A two-headed ogre (D:10)
  Pikel (D:7)
  A troll (D:9)
  A spriggan (D:7)
  3 yaks (D:6)
  7 soldier ants (D:10)
  2 water moccasins
  3 orc warriors
  A sky beast (D:6)
  A slave (D:7)
  3 ogres
  A centaur (D:10)
  2 scorpions
  A killer bee (D:8)
  A howler monkey (D:7)
  3 crimson imps
  A bullfrog zombie (D:7)
  An orc priest (D:8)
  A bullfrog skeleton (D:8)
  An iguana (D:7)
  4 orc wizards
  7 worker ants
  2 adders
  A howler monkey skeleton (D:10)
  An orc (D:6)
52 creatures vanquished.

Vanquished Creatures (others)
  An orc knight (D:10)
  4 orc warriors (D:10)
  A human (D:4)
  2 orc wizards
  4 orc priests
  2 adders (D:4)
  4 orcs
  A quokka (D:4)
  A leopard gecko skeleton (D:4)
  A fungus (D:9)
  2 plants (D:9)
23 creatures vanquished.

Grand Total: 277 creatures vanquished
